 Dungeon Crawl Stone Soup version 0.15-b1-82-g4aef8f9 (webtiles) character file.

107 FAnisssKzn the Chopper (level 5, -2/61 HPs)
             Began as a Human Berserker on Aug 14, 2014.
             Was a Believer of Trog.
             Killed by divine providence
             ... invoked by an orc priest
              (12 damage)
             ... on Level 3 of the Dungeon on Aug 15, 2014.
             The game lasted 00:27:59 (1670 turns).

FAnisssKzn the Chopper (Human Berserker)            Turns: 1670, Time: 00:27:59

HP  -2/61        AC  3     Str 24      XL: 5   Next: 11%
MP   5/5         EV 12     Int  7      God: Trog [**....]
Gold 25          SH  0     Dex 12      Spells:  0 memorised,  4 levels left

rFire  . . .     SeeInvis .     a - +0 hand axe
rCold  . . .     Clarity  .     t - +0 leather armour
rNeg   . . .     rCorr    .     (no shield)
rPois  .         rRot     .     (no helmet)
rElec  .         Spirit   .     (no cloak)
SustAb .         Warding  .     (no gloves)
rMut   .         Stasis   .     (no boots)
Gourm  .                        (no amulet)
MR     .....                    (no ring)
                                (no ring)

@: berserking (expiring), very quick, not resistant to hostile enchantments,
extremely unstealthy
A: no striking features
a: Burn Spellbooks, Berserk, Trog's Hand, Renounce Religion


You were on level 3 of the Dungeon.
You worshipped Trog.
Trog was pleased with you.
You were very full.

You visited 1 branch of the dungeon, and saw 3 of its levels.

You collected 25 gold pieces.

Inventory:

Hand weapons
 a - a +0 hand axe (weapon)
 d - a +0 dagger
 e - a +0 club
 g - a +0 club
 h - a +0 club
 j - a +0 club
 k - a +0 dagger
 r - a cursed -1 club
 s - a cursed -2 club
 x - a +0 club
Missiles
 l - 13 sling bullets
 m - a stone (quivered)
 n - 2 throwing nets
 o - 19 arrows
Armour
 b - a +0 animal skin
 i - a +0 robe
 p - a +0 ring mail
 q - a +0 robe
 t - a +0 leather armour (worn)
Comestibles
 u - 2 bread rations
Scrolls
 w - a scroll of identify {unknown}
 y - a scroll of remove curse {unknown}
Jewellery
 c - a cursed -5 ring of strength {unknown}
 f - a +1 ring of evasion {unknown}
Potions
 v - a potion of flight {unknown}


   Skills:
 + Level 3.6 Fighting
 + Level 3.9 Axes
 + Level 2.2 Armour
 + Level 3.3 Dodging
 + Level 0.4 Stealth


You had 4 spell levels left.
You didn't know any spells.

Dungeon Overview and Level Annotations

Branches:
Dungeon (3/15)

Altars:
Okawaru


Message History

The orc wizard casts a spell at you. The magic dart hits you!
* * * LOW HITPOINT WARNING * * *
You slash the orc wizard!
The orc wizard is heavily wounded.
The orc wizard hits you but does no damage.
The orc priest closely misses you.
You hit the orc wizard but do no damage.
The orc wizard is heavily wounded.
The orc wizard hits you but does no damage.
The orc priest becomes somewhat translucent.
You slash the orc wizard!
You kill the orc wizard!
Trog accepts your kill.
Trog appreciates your killing of a magic user.
You have reached level 5!
You feel a strong urge to attack something.
The orc priest mumbles some strange prayers to Beogh against you.
Something smites you!
You die...

#.#...#.⌠.###.⌠.#.
#......#.#.# #.#..
####..#...####.#
##.. #..........#
⌠.# .
#.#######...# ##
#.#### ##.... #
#....# #....
#.####.# #.#
#o..##@# . #.oo)#
######


You could see 2 orc priests.

Vanquished Creatures
  2 orc wizards (D:3)
  An adder (D:2)
  2 giant geckos
  4 bats
  4 goblins
  6 hobgoblins
  9 jackals (D:1)
  A quokka (D:2)
  2 giant cockroaches (D:1)
  A giant newt (D:3)
  4 kobolds (D:1)
  5 rats
41 creatures vanquished.

Notes
Turn   | Place    | Note
--------------------------------------------------------------
     0 | D:1      | FAnisssKzn, the Human Berserker, began the quest for the Orb.
     0 | D:1      | Reached XP level 1. HP: 18/18 MP: 1/1
    58 | D:1      | Reached XP level 2. HP: 24/24 MP: 2/2
   243 | D:1      | Reached XP level 3. HP: 4/29 MP: 3/3
  1175 | D:1      | Upgraded the game from 0.15-b1-71-g5463ceb to 0.15-b1-82-g4aef8f9
  1489 | D:2      | Found an iron altar of Okawaru.
  1496 | D:2      | Reached XP level 4. HP: 33/35 MP: 4/4
  1595 | D:3      | Acquired Trog's second power
  1668 | D:3      | Reached XP level 5. HP: 10/41 MP: 5/5
  1670 | D:3      | Killed from afar by an orc priest

Action                   |  1- 3 |  4- 6 || total
-------------------------+-------+-------++-------
Melee: Hand axe          |   104 |    27 ||   131
Invok: Berserk           |     8 |     2 ||    10
  Eat: Bread ration      |     2 |     1 ||     3
       Meat ration       |     1 |       ||     1
